AoeStats
← Ghost546

Nomad

508540041Analyzed
3v3 RM · 11d ago on Sep 22, 2026· 26m 3s· 6 players
Game mode
Random Map
Map size
210×210
Population
200
Speed
Normal
Resources
Standard
Victory
Conquest
Starting age
Dark Age
Ending age
Imperial Age
RankedLock teamsTeams togetherTeam positionsShared explorationLock speedFull tech treeHidden civsTurbo modeCheats
Victory
Defeat
🇨🇳 Magyars · China
1052
+10
🇫🇷 Celts · France
1042
+10
🇨🇭 Random · Switzerland
1032
+11
🇨🇱 Huns · Chile
996
-13
🇨🇱 Vikings · Chile
902
-10
🇨🇱 Franks · Chile
850
-8
Alcaz
3:57 Loom
13:26 Feudal Age
14:17 Town Watch
14:20 Double-Bit Axe
18:15 Castle Age
17:26 Scale Mail Armor
17:30 Horse Collar
19:51 Wheelbarrow
19:33 Chain Mail Armor
Dyragor
12:23 Loom
15:33 Feudal Age
16:43 Fishing Lines
18:09 Double-Bit Axe
22:12 Castle Age
20:15 Stone Mining
20:20 Gold Mining
20:11 Horse Collar
21:29 Scale Barding Armor
21:34 Forging
23:06 Gillnets
24:04 Wheelbarrow
24:45 Iron Casting
24:31 Chain Barding Armor
likelisi017
6:35 Loom
18:09 Feudal Age
24:34 Castle Age
22:36 Horse Collar
23:03 Double-Bit Axe
26:59 Wheelbarrow
Ghost546
14:15 Feudal Age
18:34 Loom
19:10 Bloodlines
20:31 Scale Barding Armor
20:45 Forging
23:41 Wheelbarrow
Talan
6:30 Loom
14:56 Feudal Age
15:25 Horse Collar
15:30 Double-Bit Axe
15:09 Man-at-Arms
17:34 Town Watch
17:12 Man-at-Arms
17:46 Gold Mining
20:24 Arson
20:50 Scale Barding Armor
21:51 Forging
27:30 Castle Age
Bangout
13:58 Feudal Age
14:30 Double-Bit Axe
15:24 Town Watch
15:29 Loom
21:07 Wheelbarrow
21:11 Forging
21:07 Scale Barding Armor
26:49 Castle Age
25:23 Fletching
Connection lost

Rejoining the realm…

Still unreachable

The connection could not be restored.

Session expired

The server has moved on; the page needs a fresh start.